 Dungeon Crawl Stone Soup version 0.30-a0-381-g6ea064c7b4 (webtiles) character file.

Game seed: 4228717791935557047

199491 Angani the Alchemist (level 17, -17/210 HPs)
             Began as a Red Draconian Warper on Dec 1, 2022.
             Was a High Priest of Elyvilon.
             Demolished by a swamp worm (31 damage)
             ... called by a spriggan druid
             ... on level 2 of the Swamp on Dec 2, 2022.
             The game lasted 01:39:21 (36160 turns).

Angani the Alchemist (Red Draconian Warper)        Turns: 36160, Time: 01:39:21

Health: -17/210    AC: 19    Str: 24    XL:     17   Next: 84%
Magic:  25/31      EV: 11    Int: 20    God:    Elyvilon [*****.]
Gold:   1445       SH:  0    Dex: 12    Spells: 20/36 levels left

rFire   + + .      SeeInvis .      - Unarmed
rCold   . . .      Faith    +    (shield currently unavailable)
rNeg    . . .      Spirit   .    (body armour unavailable)
rPois   +          Reflect  .    (helmet currently unavailable)
rElec   .          Harm     .    (cloak currently unavailable)
rCorr   .          Rampage  .    (gloves currently unavailable)
Will    ++...                    (boots currently unavailable)
Stlth   +++.......               i - amulet of faith
HPRegen 0.55/turn                T - ring of protection from cold
MPRegen 0.22/turn                r - ring of willpower

@: dragon-form (expiring), flying, studying Translocations
A: dragon claw, dragon scales, flying, boosted hp, breathe fire, AC +9, giant,
unfitting armour, (fire resistance 1), (cold-blooded), (camouflage 1), mutation
resistance 1
}: 1/15 runes: serpentine
a: Breathe Fire, End Transformation, Renounce Religion, Purification, Heal
Other, Heal Self, Divine Vigour


You were on level 2 of the Swamp.
You worshipped Elyvilon.
Elyvilon was extremely pleased with you.
You were a fearsome fire dragon!
You visited 5 branches of the dungeon, and saw 28 of its levels.
You also visited: Sewer and Gauntlet.

You collected 2828 gold pieces.
You spent 1383 gold pieces at shops.

Inventory:

Missiles
 j - 16 curare-tipped darts
 p - 15 boomerangs
 z - a throwing net
Armour
 u - a +2 pair of gloves (melded)
 K - a +2 cloak of willpower (melded)
 P - a scarf of resistance
 S - the +1 hat of the Game of Life (melded) {rCorr Str+4 Dex+2}
   (You acquired it on level 12 of the Dungeon)

   Str:       It affects your strength (+4).
   Dex:       It affects your dexterity (+2).
   rCorr:     It protects you from acid and corrosion.
 X - the +2 pair of boots of Zodiloch (melded) {rPois Str+3 Dex+4}
   (You found it on level 3 of the Snake Pit)

   Str:       It affects your strength (+3).
   Dex:       It affects your dexterity (+4).
   rPois:     It protects you from poison.
Magical Staves
 d - a staff of conjuration
Jewellery
 e - a ring of resist corrosion
 i - an amulet of faith (around neck)
 r - a ring of willpower (right foreclaw)
 Q - a ring of protection from cold
 T - a ring of protection from cold (left foreclaw)
Wands
 y - a wand of digging (15)
 A - a wand of acid (20)
 D - a wand of mindburst (24)
 J - a wand of flame (54)
 M - a wand of charming (34)
 R - a wand of roots (13)
Scrolls
 b - 3 scrolls of blinking
 c - 3 scrolls of poison
 g - 3 scrolls of magic mapping
 l - 2 scrolls of brand weapon
 n - 2 scrolls of summoning
 s - 10 scrolls of amnesia
 t - 4 scrolls of fog
 x - 9 scrolls of teleportation
 B - 3 scrolls of immolation
 G - 3 scrolls of enchant weapon
 O - 3 scrolls of fear
 U - 2 scrolls of enchant armour
Potions
 a - 2 potions of brilliance
 f - 4 potions of attraction
 h - 16 potions of curing
 k - 7 potions of might
 m - 4 potions of magic
 o - 3 potions of mutation
 w - 3 potions of cancellation
 E - 7 potions of heal wounds
 F - 5 potions of lignification
 H - 3 potions of haste
 I - 2 potions of invisibility
 L - 2 potions of resistance
 V - a potion of flight
 W - 2 potions of berserk rage
Miscellaneous
 q - a phial of floods


   Skills:
 - Level 10.1 Fighting
 - Level 5.2 Maces & Flails
 - Level 0.8 Throwing
 - Level 10.0 Dodging
 - Level 6.1 Stealth
 - Level 15.0 Unarmed Combat
 - Level 10.0 Spellcasting
 + Level 8.9 Translocations
 - Level 17.8 Transmutations
 - Level 15.0 Invocations


You had 20 spell levels left.
You knew the following spells:

 Your Spells              Type           Power      Damage    Failure   Level
a - Blade Hands           Tmut           34%        N/A       1%          5
b - Dragon Form           Tmut           34%        N/A       3%          7
c - Manifold Assault      Tloc           45%        N/A       1%          4

Your spell library contained the following spells:

 Spells                   Type           Power      Damage    Failure   Level
 Apportation              Tloc           90%        N/A       1%          1
 Blink                    Tloc           90%        N/A       1%          2
 Passwall                 Tmut/Erth      37%        N/A       1%          2
 Lesser Beckoning         Tloc           90%        N/A       1%          3
 Teleport Other           Tloc           45%        N/A       1%          3
 Vhi's Electric Charge    Tloc/Air       54%        N/A       3%          3
 Alistair's Intoxication  Tmut/Pois      30%        N/A       4%          5
 Irradiate                Conj/Tmut      22%        3d19      4%          5
 Freeze                   Ice            40%        1d6       7%          1
 Sandblast                Erth           20%        2d7       7%          1
 Shock                    Conj/Air       40%        1d5       7%          1
 Scorch                   Fire           20%        2d6       11%         2
 Frozen Ramparts          Ice            20%        1d4       21%         3
 Hailstorm                Conj/Ice       10%        3d5       21%         3
 Stone Arrow              Conj/Erth      20%        3d8       21%         3
 Swiftness                Air            10%        N/A       21%         3
 Airstrike                Air            5%         2d(1-17)  56%         4
 Flame Wave               Conj/Fire      10%        2d6       56%         4
 Summon Cactus Giant      Summ           5%         N/A       100%        6


Dungeon Overview and Level Annotations

Branches:
Dungeon (15/15)            Temple (0/1) D:6            Lair (5/5) D:11
  Swamp (2/4) Lair:3        Snake (4/4) Lair:3        Slime (0/5) Lair:4
    Orc (2/2) D:9             Elf (0/3) Orc:2        Vaults (0/5) D:13
 Depths (0/4) D:15          Sewer (visited)         Gauntlet (visited)

Altars:
Cheibriados
Dithmenos
Elyvilon
Makhleb
Nemelex Xobeh
Okawaru
Trog
Vehumet
Xom
Zin
Jiyva

Shops:
D:1 *   D:11 (   D:12 [   Orc:1 *   Orc:2 (=[**

Annotations:
D:3 3 runed translucent doors, exclusion: 3 doors, DEFE's ghost, amateur GnCj; TheCowGoesMoo's ghost, weakling TrCA
D:8 3 runed translucent doors, exclusion: 3 doors
D:10 2 runed translucent doors, exclusion: 2 doors, TheCowGoesMoo's ghost, journeyman TrCA
D:15 1 runed translucent door, exclusion: 4 orange crystal statues
Lair:5 exclusion: obsidian statue


Innate Abilities, Weirdness & Mutations

You are a fearsome fire dragon!
You have a powerful clawing attack.
Your giant scaled body is strong and resiliant, but less evasive.
Your breath weapon is enhanced in this form.
You are flying.
Your maximum health is greatly increased.
Your armour is entirely melded.
You are incapable of wielding weapons or throwing items.
You can breathe blasts of fire.
Your fiery red scales are hard. (AC +9)
You cannot fit into any form of body armour.
((Your flesh is heat resistant. (rF+)))
((You are cold-blooded and may be slowed by cold attacks.))
((Your skin changes colour to match your surroundings (Stealth+).))
You are somewhat resistant to further mutation.


Message History

You maul the spriggan druid!!!
With its final breath, the spriggan druid offers up its power to the beasts of the wild!
The swamp dragon seems to grow more fierce.
The alligator seems to grow more fierce.
The swamp worm seems to grow more fierce.
You kill the spriggan druid!
You claw the swamp dragon! You claw the swamp dragon!!
The swamp dragon is heavily wounded.
The swamp dragon bites you but does no damage.
The swamp dragon completely misses you.
The swamp dragon tramples you but does no damage.
Unknown command.
You bite the swamp dragon!! You bite the swamp dragon.
The swamp dragon is severely wounded.
The alligator bites you!
The alligator tail-slaps you but does no damage.
Unknown command.
You bite the swamp dragon!!
You kill the swamp dragon!
The alligator bites you but does no damage.
The alligator barely misses you.
Unknown command.
Your transformation is almost over.
The swamp worm bites you! x2
* * * LOW HITPOINT WARNING * * *
The alligator misses you. The alligator tail-slaps you!
* * * LOW HITPOINT WARNING * * *
The swamp worm bites you!
* * * LOW HITPOINT WARNING * * *
There is a stone staircase leading up, spattered with blood here.
You see here a swamp dragon corpse.
Unknown command.
You are healed.
The swamp worm closely misses you. The alligator bites you!!
* * * LOW HITPOINT WARNING * * *
The alligator tail-slaps you!
* * * LOW HITPOINT WARNING * * *
The swamp worm bites you.
* * * LOW HITPOINT WARNING * * *
The swamp worm bites you!!
You die...

.......§.~♣♣
~♣♣..~~~~~~..♣
♣♣♣...~~§~§~~~.♣
♣....~~~~~~~~<♣
~....~~~§~~~§~♣
.....~~~~..~..♣♣
......~~~.....~♣
.§§~~~~ww..§.♣
.~~~~~~~D♣♣~~♣
♣~~§..[§t♣ ♣.~~
♣♣..~...)~....~~~
♣♣♣♣.~~~..~..~~~
♣.~§.~.~~.~~
♣~....~~~~~~
♣~....~~~...
.♣.~.♣...~♣~
......~...~.


You could see an alligator (strong, swift) and 2 swamp worms.

Vanquished Creatures
  Vashnia (Snake:4)
  Jorgrun (Swamp:1)
  2 nagarajas (Snake:4)
  A caustic shrike zombie (D:15)
  Aizul (Snake:3)
  Azrael (Snake:1)
  A vault guard (D:13)
  A rakshasa (D:12)
  8 hydras
  A merfolk avatar (Swamp:1)
  8 anacondas
  2 catoblepae (Lair:5)
  6 salamander tyrants
  A death knight (D:13)
  6 alligators
  4 alligator snapping turtles (Snake:3)
  Erica (D:11)
  An ogre mage (D:15)
  8 centaur warriors
  A tengu warrior (D:14)
  5 boulder beetles
  A death yak (Lair:5)
  12 naga warriors
  11 two-headed ogres
  A vampire mage (D:15)
  A titan zombie (D:15)
  18 naga sharpshooters
  An orc high priest (Orc:2)
  2 skeletal warriors (D:15)
  5 shock serpents
  7 salamander mystics
  9 spriggans
  A spark wasp zombie (D:15)
  2 spriggan druids
  3 goliath frogs (Snake:3)
  4 sea snakes (Snake:3)
  2 glowing orange brains (Gauntlet)
  A swamp dragon (Swamp:2)
  6 naga ritualists
  2 bog bodies
  Pikel (D:5)
  4 orc knights
  2 deep elf pyromancers
  2 necromancers
  12 ugly things
  2 orc sorcerers (Orc:2)
  A harpy (shapeshifter) (D:13)
  10 mana vipers
  20 salamanders
  A frost giant zombie (D:15)
  A worldbinder (Gauntlet)
  3 manticores
  2 will-o-the-wisps (Swamp:1)
  Maurice (D:11)
  5 cyclopes
  A smoke demon (Gauntlet)
  12 elephants
  4 guardian serpents
  12 naga magi
  A gargoyle (D:13)
  35 black mambas
  3 cane toads
  Maggie (D:8)
  A freezing wraith (D:13)
  6 komodo dragons
  2 tengu conjurers (D:15)
  2 tyrant leeches (Swamp:1)
  8 hornets
  25 blink frogs
  2 polar bears (Lair:5)
  9 trolls
  A wolf spider simulacrum (D:14)
  6 dream sheep
  Sigmund (D:2)
  2 snapping turtles (Snake:3)
  2 shadows
  8 basilisks
  7 wraiths
  4 wyverns
  51 yaks
  2 fire elementals (Snake:1)
  A steam dragon (D:6)
  Grum (D:8)
  5 swamp worms
  38 nagas
  3 acid dragons
  4 wargs
  12 water moccasins
  A hell hound (Snake:1)
  2 ice beasts (D:6)
  21 orc warriors
  A black bear (D:5)
  5 ogres
  2 boggarts (Gauntlet)
  12 wolves
  12 centaurs
  4 lemures (D:5)
  4 phantoms
  3 kobold brigands
  13 bullfrogs
  2 necrophages (D:6)
  A gnoll sergeant (D:6)
  4 scorpions
  3 wights (D:8)
  10 killer bees
  An electric eel (D:11)
  4 crimson imps (Gauntlet)
  A quasit (D:7)
  Crazy Yiuf (D:6)
  8 hounds
  10 orc priests
  3 jellies
  Jessica (D:2)
  An iguana (D:5)
  18 orc wizards
  15 gnolls
  13 adders
  4 shadow imps
  5 white imps
  2 ufetubi (D:7)
  5 worms
  4 dart slugs
  64 orcs
  15 endoplasms
  17 giant cockroaches
  4 goblins
  6 hobgoblins
  8 jackals (D:4)
  9 quokkas
  13 ball pythons
  6 bats
  15 frilled lizards
  20 kobolds
  5 rats
867 creatures vanquished.

Vanquished Creatures (collateral kills)
  2 yaks (D:10)
  A gnoll (D:10)
3 creatures vanquished.

Vanquished Creatures (others)
  An anaconda (Snake:3)
  A naga sharpshooter (Snake:2)
  A shock serpent (Snake:3)
  A flayed ghost (D:13)
  3 black mambas
  An efreet (D:13)
  A snapping turtle (Snake:3)
  A wraith (D:12)
  6 yaks
  An acid dragon (D:13)
  A gnoll bouda (D:10)
  3 demonic plants
  4 foxfires (Swamp:1)
  20 fungi
  38 plants
  40 withered plants
123 creatures vanquished.

Grand Total: 993 creatures vanquished

Notes
Turn   | Place    | Note
-------+----------+-------------------------------------------
     0 | D:1      | Angani the Draconian Warper began the quest for the Orb.
     0 | D:1      | Reached XP level 1. HP: 17/17 MP: 3/3
   159 | D:1      | Found Berettih's General Store.
   218 | D:1      | Reached XP level 2. HP: 15/25 MP: 5/5
   568 | D:2      | Reached XP level 3. HP: 17/31 MP: 6/6
   647 | D:2      | Noticed Jessica
   653 | D:2      | Killed Jessica
   660 | D:2      | Reached XP level 4. HP: 40/40 MP: 7/7
   729 | D:2      | Noticed Sigmund
   743 | D:2      | Killed Sigmund
   744 | D:2      | Reached skill level 5 in Fighting
   744 | D:2      | Reached XP level 5. HP: 39/48 MP: 8/8
  1148 | D:3      | Reached XP level 6. HP: 53/56 MP: 9/9
  1437 | D:3      | Found a runed translucent gate.
  1437 | D:3      | Found a runed translucent gate.
  1438 | D:3      | Found a runed translucent gate.
  1467 | D:3      | Noticed TheCowGoesMoo's ghost (weakling TrCA)
  1467 | D:3      | Noticed DEFE's ghost (amateur GnCj)
  1479 | D:3      | Found a faded altar of an unknown god.
  1497 | D:3      | Reached skill level 5 in Maces & Flails
  1602 | D:3      | Prayed at the altar of an unknown god.
  1602 | D:3      | Became a worshipper of Elyvilon the Healer
  1602 | D:3      | Reached * piety under Elyvilon
  1708 | D:3      | Found a white marble altar of Elyvilon.
  1928 | D:4      | Found a glowing drain.
  1950 | Sewer    | Entered a sewer
  2047 | Sewer    | Reached skill level 1 in Invocations
  2352 | Sewer    | Your scales start taking on a fiery red colour.
  2352 | Sewer    | Reached XP level 7. HP: 41/61 MP: 10/10
  2352 | Sewer    | Gained mutation: Your flesh is heat resistant. (rF+) [Red
                  | Draconian growth]
  2720 | D:4      | Found a shadowy altar of Dithmenos.
  2899 | D:4      | Reached ** piety under Elyvilon
  3283 | D:5      | Entered Level 5 of the Dungeon
  3288 | D:5      | Noticed Pikel
  3466 | D:5      | Killed Pikel
  3467 | D:5      | Reached skill level 5 in Dodging
  3467 | D:5      | Reached skill level 5 in Invocations
  3467 | D:5      | Reached XP level 8. HP: 68/68 MP: 10/12
  3747 | D:5      | Reached skill level 1 in Stealth
  4118 | D:5      | Found a radiant altar of Vehumet.
  4125 | D:5      | Found a burning altar of Makhleb.
  4128 | D:5      | Found a shimmering altar of Xom.
  4128 | D:5      | Found a snail-covered altar of Cheibriados.
  4129 | D:5      | Noticed a two-headed ogre
  4134 | D:5      | Gained mutation: You occasionally lose the ability to drink
                  | potions when taking damage. [potion of mutation]
  4134 | D:5      | Gained mutation: You have a beak for a mouth. [potion of
                  | mutation]
  4134 | D:5      | Gained mutation: Your skin changes colour to match your
                  | surroundings (Stealth+). [potion of mutation]
  4136 | D:5      | Killed a two-headed ogre
  4137 | D:5      | Reached XP level 9. HP: 35/74 MP: 14/14
  4207 | D:5      | Lost mutation: You occasionally lose the ability to drink
                  | potions when taking damage. [potion of mutation]
  4207 | D:5      | Lost mutation: Your skin changes colour to match your
                  | surroundings (Stealth+). [potion of mutation]
  4207 | D:5      | Lost mutation: You have a beak for a mouth. [potion of
                  | mutation]
  4207 | D:5      | Gained mutation: You are somewhat resistant to further
                  | mutation. [potion of mutation]
  4207 | D:5      | Gained mutation: Your skin changes colour to match your
                  | surroundings (Stealth+). [potion of mutation]
  4259 | D:5      | Found a glowing silver altar of Zin.
  4396 | D:6      | Found a staircase to the Ecumenical Temple.
  4440 | D:6      | Reached skill level 5 in Stealth
  4450 | D:6      | Noticed a cyclops
  4677 | D:6      | Killed a cyclops
  4778 | D:6      | Noticed a two-headed ogre
  4819 | D:6      | Reached skill level 1 in Unarmed Combat
  4826 | D:6      | Killed a two-headed ogre
  4827 | D:6      | Reached XP level 10. HP: 81/81 MP: 17/17
  4920 | D:6      | Reached skill level 10 in Invocations
  4959 | D:6      | Reached *** piety under Elyvilon
  5144 | D:6      | Found a runed translucent door.
  5145 | D:6      | Noticed Crazy Yiuf
  5285 | D:6      | Killed Crazy Yiuf
  6188 | D:7      | Found a sparkling altar of Nemelex Xobeh.
  6228 | D:7      | Identified the +6 dagger of Evolution {freeze, rElec rC+
                  | Int-2}
  6445 | D:8      | Noticed Grum
  6480 | D:8      | Killed Grum
  6509 | D:8      | Reached skill level 5 in Unarmed Combat
  6664 | D:8      | Found an iron altar of Okawaru.
  6664 | D:8      | Noticed Maggie
  6674 | D:8      | Killed Maggie
  6787 | D:8      | Reached **** piety under Elyvilon
  6944 | D:8      | Found a bloodstained altar of Trog.
  7401 | D:8      | Noticed a green ugly thing
  7404 | D:8      | Found a runed translucent gate.
  7404 | D:8      | Found a runed translucent gate.
  7404 | D:8      | Found a runed translucent gate.
  7418 | D:8      | Noticed a glowing orange brain
  7418 | D:8      | Noticed a brown ugly thing
  7418 | D:8      | Noticed a cyan ugly thing
  7993 | D:9      | Reached skill level 10 in Unarmed Combat
  7993 | D:9      | Reached XP level 11. HP: 86/86 MP: 19/19
  8019 | D:9      | Found a staircase to the Orcish Mines.
  8091 | D:9      | Reached ***** piety under Elyvilon
  8250 | D:10     | Entered Level 10 of the Dungeon
  8314 | D:10     | Found a large runed translucent door.
  8314 | D:10     | Found a large runed translucent door.
  8792 | D:10     | Noticed a two-headed ogre
  8816 | D:10     | Reached XP level 12. HP: 94/94 MP: 21/21
  8943 | D:10     | Killed a two-headed ogre
  9417 | D:10     | Noticed TheCowGoesMoo's ghost (journeyman TrCA)
  9441 | D:11     | Found a staircase to the Lair.
  9443 | D:11     | Identified the +4 whip "Earthworm" {flame, Str+4 Stlth+}
  9881 | D:11     | Noticed Harold
 10017 | D:11     | Pacified Harold
 10019 | D:11     | Noticed Maurice
 10034 | D:11     | Killed Maurice
 10163 | D:11     | Noticed Erica
 10214 | D:11     | Noticed a six-headed hydra
 10218 | D:11     | Pacified a six-headed hydra
 10317 | D:11     | Killed Erica
 10613 | D:11     | Found Caikiumn's Weapon Emporium.
 10766 | Lair:1   | Entered Level 1 of the Lair of Beasts
 11936 | Lair:2   | Reached XP level 13. HP: 90/100 MP: 23/23
 13117 | Lair:3   | Reached skill level 15 in Invocations
 13188 | Lair:3   | Found a staircase to the Swamp.
 13308 | Lair:3   | Reached ****** piety under Elyvilon
 13668 | Lair:3   | Found a staircase to the Snake Pit.
 14276 | Lair:4   | Found a staircase to the Slime Pits.
 14277 | Lair:4   | Found a viscous altar of Jiyva.
 15262 | Lair:5   | Entered Level 5 of the Lair of Beasts
 15580 | Lair:5   | Reached skill level 15 in Unarmed Combat
 16339 | Lair:5   | Reached XP level 14. HP: 109/118 MP: 25/25
 16725 | Lair:5   | Reached skill level 10 in Fighting
 17253 | D:12     | Found a gate leading to a gauntlet.
 17263 | Gauntlet | Entered a Gauntlet
 17263 | Gauntlet | Found a transporter.
 17263 | Gauntlet | Found a transporter.
 17267 | Gauntlet | Found a transporter.
 17267 | Gauntlet | Found a transporter.
 17276 | Gauntlet | Found a transporter.
 17295 | Gauntlet | Found a transporter.
 17305 | Gauntlet | Found a transporter.
 17305 | Gauntlet | Found a transporter.
 17309 | Gauntlet | Found a transporter.
 17336 | Gauntlet | Found a transporter.
 17343 | Gauntlet | Found a transporter.
 17366 | Gauntlet | Found a transporter.
 17402 | Gauntlet | Found a transporter.
 17418 | Gauntlet | Found a transporter.
 17518 | Gauntlet | Found a transporter.
 17532 | Gauntlet | Found a transporter.
 18139 | D:12     | Noticed Josephine
 18143 | D:12     | Pacified Josephine
 18418 | D:12     | Identified a scroll of acquirement
 18483 | D:12     | Acquired the +1 hat of the Game of Life {rCorr Str+4 Dex+2}
 18496 | D:12     | Learned a level 5 spell: Blade Hands
 18504 | D:12     | Learned a level 7 spell: Dragon Form
 18649 | D:12     | Found Toisud's Armour Shop.
 18675 | D:12     | Bought a +2 pair of boots of stealth for 365 gold pieces
 19190 | D:13     | Reached skill level 5 in Spellcasting
 19930 | D:13     | Found a gate to the Vaults.
 20206 | D:13     | Found a runed translucent door.
 20207 | D:13     | Noticed a stone giant
 20268 | D:13     | Pacified a stone giant
 20458 | D:13     | Noticed a fire giant
 20463 | D:13     | Pacified a fire giant
 20483 | D:13     | Reached skill level 10 in Dodging
 20926 | D:14     | Reached skill level 1 in Transmutations
 21117 | D:14     | Reached skill level 2 in Transmutations
 21136 | D:14     | Identified the +4 trident of the Loving Gods {protect,
                  | +Blink rF- rN+ Str+4}
 21180 | D:14     | Reached XP level 15. HP: 99/126 MP: 26/26
 21249 | D:14     | You fall into a shaft and drop 1 floor!
 21249 | D:15     | Entered Level 15 of the Dungeon
 21249 | D:15     | Found a runed translucent door.
 21299 | D:14     | Reached skill level 3 in Transmutations
 21843 | D:14     | Reached skill level 4 in Transmutations
 22024 | D:14     | Identified the +11 falchion of Defiance {antimagic, rC-
                  | Dex+4}
 22165 | Orc:1    | Entered Level 1 of the Orcish Mines
 22310 | Orc:1    | Found Qyfath's Gadget Gallery.
 22646 | Orc:2    | Entered Level 2 of the Orcish Mines
 22914 | Orc:2    | Found Itorenaev's Specific Store.
 22916 | Orc:2    | Noticed Donald
 22919 | Orc:2    | Pacified Donald
 22926 | Orc:2    | Found Weynit's General Store.
 22940 | Orc:2    | Bought a potion of flight for 42 gold pieces
 22978 | Orc:2    | Reached skill level 5 in Transmutations
 23189 | Orc:2    | Found Lauxoirph's General Store.
 23203 | Orc:2    | Found a staircase to the Elven Halls.
 23219 | Orc:2    | Found Lukimen's Jewellery Emporium.
 23234 | Orc:2    | Found Eliacisu's Antique Weapon Emporium.
 23251 | Orc:2    | Found Deonyjol's Antique Armour Emporium.
 23672 | Orc:1    | Upgraded the game from 0.30-a0-377-g5cb311bc9f to
                  | 0.30-a0-381-g6ea064c7b4
 23828 | D:15     | Reached skill level 6 in Transmutations
 23830 | D:15     | Paralysed by an ogre mage for 4 turns
 23832 | D:15     | HP: 6/126 [two-headed ogre/+0 giant club (24)]
 23832 | D:15     | Elyvilon protects you from harm!
 23833 | D:15     | HP: 1/126 [two-headed ogre/+0 giant club (2)]
 23996 | D:15     | Found a staircase to the Depths.
 24214 | D:15     | Found a snail-covered altar of Cheibriados.
 24226 | D:15     | Found the +10 tower shield of Ignorance {rN+ Int-4}
 24277 | D:15     | Found a runed translucent door.
 24438 | D:15     | Reached skill level 7 in Transmutations
 24933 | Snake:1  | Entered Level 1 of the Snake Pit
 25000 | Snake:1  | Reached skill level 10 in Spellcasting
 25213 | Snake:1  | Noticed Azrael
 25229 | Snake:1  | Killed Azrael
 25230 | Snake:1  | Reached skill level 8 in Transmutations
 26151 | Snake:2  | Reached skill level 9 in Transmutations
 26369 | Snake:2  | Reached XP level 16. HP: 93/134 MP: 30/30
 26676 | Snake:2  | Reached skill level 10 in Transmutations
 27237 | Snake:2  | Reached skill level 11 in Transmutations
 28062 | Snake:3  | Identified the +2 pair of boots of Zodiloch {rPois Str+3
                  | Dex+4}
 28330 | Orc:2    | Bought a +6 ring of intelligence for 576 gold pieces
 28643 | Snake:3  | Reached skill level 12 in Transmutations
 29136 | Snake:3  | Noticed Aizul
 29147 | Snake:3  | Killed Aizul
 29646 | Snake:3  | Reached skill level 13 in Transmutations
 30865 | Snake:3  | Reached skill level 14 in Transmutations
 31442 | Snake:4  | Entered Level 4 of the Snake Pit
 31733 | Snake:4  | Noticed Vashnia
 31909 | Snake:4  | Killed Vashnia
 31910 | Snake:4  | Reached skill level 15 in Transmutations
 31922 | Snake:4  | Reached XP level 17. HP: 63/182 MP: 29/40
 32715 | Snake:4  | Reached skill level 16 in Transmutations
 33562 | Snake:4  | Reached skill level 17 in Transmutations
 34334 | Snake:4  | Got a serpentine rune of Zot
 34831 | Orc:2    | Bought a ring of willpower for 400 gold pieces
 35019 | Swamp:1  | Entered Level 1 of the Swamp
 35034 | Swamp:1  | Learned a level 4 spell: Manifold Assault
 35065 | Swamp:1  | Reached skill level 5 in Translocations
 35412 | Swamp:1  | Noticed Jorgrun
 35426 | Swamp:1  | Killed Jorgrun
 35656 | Swamp:1  | Identified the +6 great sword "Xaareung" {flame, rC+ Dex+2}
 36160 | Swamp:2  | Demolished by a swamp worm

Illustrated notes

Levels and vault maps discovered:
D:1:      tarquinn_simple_flora_water_d, layout_rooms, serial_shops, shop
D:2:      layout_rooms, minmay_heptomino_w4, uniq_jessica, uniq_sigmund
D:3:      layout_loops_ring, mainiacjoe_overflow_alcove_2,
          gammafunk_ghost_cemetery, ebering_ecumenical_altar_abandoned
D:4:      layout_cave_pods, mainiacjoe_overflow_24_doors, gup_sewer_entry_pipe
D:5:      layout_loops_ring, nicolae_overflow_hallway_of_the_gods, uniq_pikel
D:6:      minmay_cornered_nines, layout_rooms, temple_pool_b,
          uniq_crazy_yiuf_cottage
D:7:      layout_cave_pools, general_overflow_altar, serial_demonic,
          serial_demonic_d, serial_demonic_f, serial_demonic_f,
          serial_demonic_e, serial_demonic_b, serial_demonic_g
D:8:      layout_loops_cross, okawaru_ov_weapons_minmay,
          trog_three_pillars_becter,
          ploomutoo_gammafunk_ghost_potion_laboratory, uniq_grum, uniq_maggie
D:9:      layout_cave_pools, orc_0_dummy, feat_on_display
D:10:     layout_small_grid, ebering_ghost_disaster_area
D:11:     layout_basic, erik_lair_island, serial_shops,
          nicolae_shop_bloodbath_and_beyond, uniq_harold, uniq_maurice,
          uniq_erica
D:12:     layout_cave_pools, gauntlet_entry_generic, kennysheep_windowed_goal,
          uniq_josephine
D:13:     layout_loops_corners, david_vaults_5, minivault_13
D:14:     layout_basic
D:15:     gammafunk_depths_entry_grave, layout_cave_pools, cheibriados_altar_1,
          chequers_guarded_unrand_ignorance
Lair:1:   layout_loops_ring, serial_bayou_crossing, grunt_megastairs_3
Lair:2:   layout_roguey
Lair:3:   layout_concentric_octagons, skrybe_swamp_entry_bodies,
          dummy_snake_entry
Lair:4:   layout_gridlike, slime_entry_1, serial_rivers,
          chequers_serial_rivers_micro_b, chequers_serial_rivers_micro_d,
          chequers_serial_rivers_micro_e, chequers_serial_rivers_room_a,
          chequers_serial_rivers_room_a
Lair:5:   due_jungle_book, layout_loops_ring, chequers_serial_rivers_micro_b,
          st_stairs_6, grunt_megastairs_4
Swamp:1:  layout_falls_marsh, evilmike_swamp_ruin_house_3,
          grunt_lady_of_the_lake, uniq_jorgrun
Swamp:2:  layout_basic_swamp, evilmike_swamp_ruin_rubble_1
Snake:1:  layout_chambers, uniq_azrael
Snake:2:  layout_layer_cave
Snake:3:  layout_layer_cave, nicolae_snake_herptile_family_reunion,
          serial_bayou_shore_a, uniq_aizul
Snake:4:  grunt_snake_rune_pools, layout_rooms, nicolae_snake_magic_snake_eye,
          uniq_vashnia
Orc:1:    layout_caves, nicolae_shop_gadgets
Orc:2:    grunt_orc_cross, layout_caves, basic_altar, nicolae_specific_store,
          uniq_donald

Skill      XL: |  1  2  3  4  5  6  7  8  9 10 11 12 13 14 15 16 17 |
---------------+----------------------------------------------------+-----
Fighting       | 3 5 9 10 | 10.1
Maces & Flails | 3 4 5 |  5.2
Dodging        | 3 5 6 7 10 | 10.0
Invocations    | 2 5 7 9 11 12 14 15 | 15.0
Stealth        | 4 6 |  6.1
Unarmed Combat | 2 10 11 13 15 | 15.0
Spellcasting   | 7 10 | 10.0
Transmutations | 2 9 15 17 | 17.8
Translocations | 8 |  8.9
Throwing       | |  0.8

Action                   |  1- 3 |  4- 6 |  7- 9 | 10-12 | 13-15 | 16-18 || total
-------------------------+-------+-------+-------+-------+-------+-------++-------
Melee: Mace              |    66 |   271 |   174 |       |       |       ||   511
       Tailslap          |    13 |    24 |    38 |   117 |   300 |    90 ||   582
       Punch             |     1 |     6 |       |    35 |   168 |    54 ||   264
       Whip              |       |       |   105 |   260 |       |       ||   365
       Unarmed           |       |       |       |   366 |  1310 |   528 ||  2204
       Bite              |       |       |       |       |       |    49 ||    49
Throw: Boomerang         |       |       |     7 |       |       |       ||     7
       Dart              |       |       |     2 |     7 |     3 |       ||    12
 Cast: Blade Hands       |       |       |       |       |    25 |    25 ||    50
       Dragon Form       |       |       |       |       |       |    34 ||    34
Invok: Purification      |       |       |     1 |       |     5 |     6 ||    12
       Heal Other        |       |       |       |     2 |    17 |     7 ||    26
       Heal Self         |       |       |       |       |     3 |     6 ||     9
       Divine Vigour     |       |       |       |       |       |     1 ||     1
 Abil: Breathe Fire      |       |       |    19 |    45 |    66 |    28 ||   158
       End Transformatio |       |       |       |       |       |     4 ||     4
Evoke: Wand              |     1 |     5 |       |    17 |       |     6 ||    29
  Use: Scroll            |       |     6 |     2 |    21 |     6 |     1 ||    36
       Potion            |       |       |     5 |     1 |     2 |       ||     8
 Stab: Sleeping          |     1 |       |     2 |    13 |    20 |     1 ||    37
       Distracted        |       |       |     1 |       |     1 |     1 ||     3
Armor: Skin              |    23 |   108 |   105 |   200 |   413 |   198 ||  1047
Dodge: Dodged            |    45 |   223 |   261 |   391 |   961 |   379 ||  2260

Table legend: (Time is in decaauts)
 A = Elapsed time spent in this place.
 B = Non-inter-level travel time spent in this place.
 C = Inter-level travel time spent in this place.
 D = Time resting spent in this place.
 E = Time spent auto-exploring this place.
 F = Levels seen in this place.
 G = Mean time per level.
                   A        B        C        D        E       F      G
               +--------+--------+--------+--------+--------+-----+--------+
         Total |  35825 |  33700 |   2125 |  10129 |  15833 |  30 | 1194.2 |
       Dungeon |  15945 |  15039 |    906 |   3532 |   8054 |  15 | 1063.0 |
          Lair |   6601 |   6097 |    504 |   1825 |   3064 |   5 | 1320.2 |
         Swamp |   1163 |   1151 |     12 |    538 |    478 |   2 |  581.5 |
     Snake Pit |   9272 |   8865 |    407 |   3992 |   3088 |   4 | 2318.0 |
  Orcish Mines |   1598 |   1304 |    294 |    120 |    729 |   2 |  799.0 |
         Sewer |    576 |    576 |      0 |    100 |    140 |   1 |  576.0 |
      Gauntlet |    667 |    667 |      0 |     21 |    278 |   1 |  667.0 |
               +--------+--------+--------+--------+--------+-----+--------+

Top non-repeatable levels by time:
 Snake:3: 3160 daAuts
 Snake:4: 2674 daAuts
 Snake:2: 1924 daAuts
  Lair:5: 1720 daAuts
    D:13: 1716 daAuts
 Snake:1: 1513 daAuts
    D:11: 1461 daAuts
    D:14: 1448 daAuts
  Lair:1: 1436 daAuts
  Lair:4: 1415 daAuts
     D:8: 1382 daAuts
    D:10: 1376 daAuts
     D:5: 1310 daAuts
    D:12: 1247 daAuts
   Orc:2: 1152 daAuts
